 Dungeon Crawl Stone Soup version 0.24-a0-584-g9d6b971ae4 (webtiles) character file.

Game seed: 4112782411727079195, levelgen mode: deterministic

176 Leibowitz the Covered (level 5, -2/45 HPs)
             Began as a Demigod Fighter on Sept 4, 2019.
             Slain by an orc
             ... wielding a +1 mace of venom
              (3 damage)
             ... on level 3 of the Dungeon.
             The game lasted 00:06:14 (2190 turns).

Leibowitz the Covered (Demigod Fighter)             Turns: 2190, Time: 00:06:14

Health: -2/45      AC: 11    Str: 21    XL:     5   Next: 8%
Magic:  7/7        EV:  5    Int: 12    God:
Gold:   140        SH:  9    Dex: 15    Spells: 4/4 levels left

rFire    + . .     SeeInvis .   a - +0 long sword
rCold    + + .     Gourm    .   c - +0 shield
rNeg     . . .     Faith    .   n - +0 chain mail
rPois    +         Spirit   .   p - +0 helmet
rElec    +         Reflect  .   m - +0 cloak
rCorr    +         Harm     .   (no gloves)
MR       .....                  (no boots)
Stlth    ..........             l - amulet of rage
HPRegen  0.15/turn              g - ring of protection from cold
MPRegen  0.10/turn              (no ring)

@: lethally poisoned (-2 -> -21), resistant, hasted, very quick
A: high mp 1
a: Evoke Berserk Rage


You were on level 3 of the Dungeon.
You were hungry.

You visited 1 branch of the dungeon, and saw 3 of its levels.

You collected 140 gold pieces.

Inventory:

Hand Weapons
 a - a +0 long sword (weapon)
Missiles
 q - 2 boomerangs (quivered)
Armour
 c - a +0 shield (worn)
 m - a +0 cloak (worn)
 n - a +0 chain mail (worn)
 p - a +0 helmet (worn)
Jewellery
 g - a ring of protection from cold (left hand)
 l - an amulet of rage (around neck)
Scrolls
 b - a scroll of remove curse {unknown}
 e - 2 scrolls of immolation {unknown}
 h - 4 scrolls of identify {unknown}
 i - 2 scrolls of enchant armour {unknown}
 o - a scroll of fog {unknown}
Potions
 d - 3 potions of might
Comestibles
 f - 5 rations
 r - 6 chunks of flesh


   Skills:
 * Level 3.1 Fighting
 * Level 3.5 Long Blades
 * Level 3.8 Armour
 + Level 0.1 Dodging
 * Level 3.2 Shields


You had 4 spell levels left.
You didn't know any spells.
Your spell library was empty.

Dungeon Overview and Level Annotations

Branches:
Dungeon (3/15)


Innate Abilities, Weirdness & Mutations

You have an increased reservoir of magic. (+10% MP)


Message History

You are lethally poisoned!
The orc hits you but does no damage.
You hit the orc but do no damage.
The orc is moderately wounded.
* * * LOW HITPOINT WARNING * * *
You feel sick. The orc barely misses you. The orc hits you but does no damage.
You are more poisoned.
It was a potion of resistance.
You feel protected.
* * * LOW HITPOINT WARNING * * *
You feel sick.
The orc hits you with a cursed +0 falchion.
* * * LOW HITPOINT WARNING * * *
The orc barely misses you.
You riposte.
You hit the orc.
The orc is almost dead.
It was a potion of haste.
You feel yourself speed up.
* * * LOW HITPOINT WARNING * * *
You feel sick. The orc hits you but does no damage.
The orc hits you with a +1 mace of venom.
You die...

### ..# ########o#####
......o@.....# #######
########)###.# #.....#
#.# #.# #.....#
######.###)####.....##
#>......).............
#.#.##.###.###########
# .... #'# #.##.# ...
# #.#.....


You could see 2 orcs.

Vanquished Creatures
  An orc priest (D:3)
  An iguana (D:3)
  Terence (D:2)
  Robin (D:3)
  A gnoll (D:1)
  An ooze (D:2)
  A worm (D:2)
  4 dart slugs
  2 orcs (D:3)
  3 bats
  2 giant cockroaches
  10 goblins
  8 hobgoblins
  7 jackals
  6 kobolds
  A quokka (D:3)
  A frilled lizard (D:2)
  5 rats
56 creatures vanquished.

Notes
Turn   | Place    | Note
-------+----------+-------------------------------------------
     0 | D:1      | Leibowitz the Demigod Fighter began the quest for the Orb.
     0 | D:1      | Reached XP level 1. HP: 18/18 MP: 3/3
   300 | D:1      | Reached XP level 2. HP: 18/25 MP: 4/4
   659 | D:2      | Found a bloodstained altar of Trog.
   738 | D:2      | Reached XP level 3. HP: 21/30 MP: 5/5
  1382 | D:2      | Noticed Terence
  1394 | D:2      | Killed Terence
  1549 | D:3      | Found a hazy altar of Hepliaklqana.
  1573 | D:3      | Reached XP level 4. HP: 33/38 MP: 6/6
  1659 | D:3      | Noticed Robin
  1679 | D:3      | Killed Robin
  2180 | D:3      | Reached XP level 5. HP: 16/45 MP: 7/7
  2190 | D:3      | HP: 1/45 [poisoned by an orc]
  2190 | D:3      | Slain by an orc

Levels and vault maps discovered:
D:1:      dpeg_arrival_erosion, layout_basic
D:2:      layout_rooms, bloody_trog, serial_curves, eino_curves_04,
          eino_curves_02, uniq_terence
D:3:      layout_basic, overflow_temple_1_default, uniq_robin

Skill      XL: |  1  2  3 |
---------------+----------+-----
Armour         | 3 |  3.8
Long Blades    | 2 3 |  3.5
Shields        | 3 |  3.2
Fighting       | 3 |  3.1
Dodging        | |  0.1

Action                   |  1- 3 |  4- 6 || total
-------------------------+-------+-------++-------
Melee: Long sword        |   123 |    84 ||   207
Throw: Boomerang         |       |     1 ||     1
  Use: Potion            |       |     2 ||     2
  Eat: Chunk             |     2 |     2 ||     4
Armor: Scale mail        |    32 |       ||    32
       Chain mail        |    17 |    54 ||    71
Dodge: Dodged            |    30 |    18 ||    48
Block: Shield            |    68 |    38 ||   106
       Rpst.: Long sword |     6 |     7 ||    13

Table legend:
 A = Non-vault XP
 B = Vault XP
 C = Vault XP percentage of total XP
 D = Non-vault monster count
 E = Vault monster count
 F = Vault count percentage of total count
                 A         B        C        D         E       F
            +---------+---------+-------+---------+---------+-------
      Total |     189 |      63 |  25.0 |      48 |       8 |  14.3
            +---------+---------+-------+---------+---------+-------
        D:1 |      39 |       0 |   0.0 |      15 |       0 |   0.0
        D:2 |      33 |      36 |  52.2 |      12 |       1 |   7.7
        D:3 |     117 |      27 |  18.8 |      21 |       7 |  25.0
            +---------+---------+-------+---------+---------+-------
